Map: Kairos Junction LE

Players

Sinhtocachua

  • Race: Terran Terran
  • Spawn Location: 11:00

ZaZen - Winner!

  • Race: Protoss Protoss
  • League: Silver
  • Spawn Location: 5:00

VOD

Have the link to the VOD?

Description

Time

  • Played on: May 18, 2019, 5:08 p.m.
  • Length: 14:25
Show
View Real Time Build Order
Export as new Build Order

Sinhtocachua Terran 

Build Orders:  

Get SALT Encoding   

  12  0:01  SCV  
  13  0:14  SCV  
  14  0:26  SCV, Supply Depot  
  15  0:48  SCV  
  15  0:49  Refinery  
  16  1:00  SCV, Barracks  
  16  1:03  Refinery  
  17  1:12  SCV  
  17  1:18  Supply Depot  
  18  1:24  SCV  
  19  1:36  SCV  
  20  1:48  SCV  
  20  1:50  Barracks Reactor  
  21  2:00  SCV  
  22  2:10  Factory  
  22  2:12  SCV  
  23  2:25  SCV, Marine  
  23  2:26  Marine  
  27  2:37  SCV  
  27  2:43  Marine x2  
  29  2:49  SCV  
  30  2:55  Engineering Bay  
  28  3:18  Marine x2  
  30  3:35  Supply Depot, Marine  
  31  3:53  Command Center  
  30  3:57  Hellion  
  30  3:59  Supply Depot  
  31  4:09  Marine  
  31  4:10  Marine  
  31  4:16  Terran Infantry Weapons Level 1  
  33  4:19  Hellion  
  33  4:21  Starport  
  33  4:23  Supply Depot  
  35  4:27  Marine x2  
  37  4:40  Hellion  
  37  4:45  Supply Depot, Marine x2  
  41  4:53  SCV  
  41  4:59  Starport  
  42  5:03  Marine x2  
  42  5:05  SCV  
  45  5:08  Supply Depot  
  45  5:13  Starport Reactor  
  45  5:17  SCV  
  45  5:21  Marine  
  46  5:29  SCV  
  47  5:38  SCV  
  47  5:39  Armory  
  48  5:48  Refinery  
  48  5:50  SCV, Marine  
  48  5:51  Marine  
  51  6:01  SCV  
  51  6:02  SCV  
  53  6:08  Marine x2  
  52  6:13  SCV  
  52  6:15  SCV  
  52  6:25  SCV  
  53  6:26  Marine x2  
  53  6:27  SCV  
  55  6:36  Missile Turret  
  55  6:41  SCV  
  55  6:44  Marine  
  55  6:45  SCV  
  58  6:51  Refinery  
  58  6:53  SCV  
  59  6:58  SCV  
  60  7:05  SCV  
  61  7:12  Missile Turret  
  61  7:17  SCV x2  
  63  7:23  Starport Tech Lab  
  63  7:25  Marine x2  
  63  7:29  SCV  
  66  7:36  Hellion  
  68  7:38  Starport Tech Lab  
  68  7:43  Marine x2  
  68  7:44  Terran Ship Weapons Level 1  
  70  7:48  Fusion Core  
  70  7:57  Hellion  
  72  8:04  Missile Turret  
  72  8:16  SCV  
  72  8:18  Hellion  
  75  8:27  Missile Turret  
  75  8:40  Hellion  
  77  8:42  Battlecruiser  
  83  9:10  Marine  
  83  9:11  Marine  
  83  9:12  Armory  
  85  9:28  Marine  
  86  9:32  Supply Depot  
  86  9:53  Marine  
  86  9:54  Battlecruiser  
  86  9:55  Supply Depot  
  86  9:59  Battlecruiser  
  60  10:17  Hellion  
  60  10:18  Marine, Supply Depot  
  60  10:19  Marine  
  64  10:36  Missile Turret, Marine x2  
  64  10:39  Hellion  
  68  10:46  Starport  
  68  10:54  Marine x2  
  70  11:00  Hellion  
  70  11:01  Missile Turret  
  70  11:03  Battlecruiser  
  78  11:06  Supply Depot  
  78  11:12  Marine x2  
  80  11:22  Hellion  
  82  11:29  Supply Depot  
  82  11:33  Starport Tech Lab  
  82  11:35  Battlecruiser  
  88  11:42  Terran Ship Weapons Level 2  
  88  11:43  Hellion  
  88  11:44  Terran Infantry Weapons Level 2  
  90  11:53  Supply Depot  
  90  12:00  Missile Turret  
  83  12:07  Battlecruiser  
  48  12:39  Battlecruiser  
  54  13:11  Battlecruiser  
  60  13:52  Command Center  
Show
View Real Time Build Order
Export as new Build Order

ZaZen Protoss - Winner!

Build Orders:  

Get SALT Encoding   

  12  0:02  Probe  
  13  0:18  Pylon  
  13  0:25  Probe  
  14  0:47  Probe  
  15  0:52  Assimilator  
  15  0:54  Pylon  
  15  0:59  Probe  
  16  1:11  Probe  
  17  1:13  Gateway  
  17  1:30  Nexus  
  17  1:34  Probe  
  18  1:54  Probe  
  18  2:00  Cybernetics Core  
  19  2:01  Zealot  
  21  2:13  Assimilator  
  21  2:24  Zealot  
  21  2:25  Probe  
  24  2:44  Probe x2  
  26  2:56  Probe  
  26  2:58  Warp Gate  
  26  2:59  Stalker  
  28  3:11  Stargate, Probe x2  
  28  3:23  Probe  
  29  3:27  Zealot  
  29  3:33  Probe  
  31  3:36  Probe  
  31  3:40  Assimilator  
  31  3:41  Probe  
  35  3:48  Probe  
  33  4:00  Probe  
  34  4:03  Stalker  
  34  4:06  Probe  
  37  4:10  Nexus  
  37  4:13  Probe  
  38  4:18  Probe  
  38  4:22  Probe  
  39  4:28  Oracle  
  39  4:30  Probe x2  
  45  4:43  Probe, Pylon  
  45  4:47  Pylon  
  46  4:57  Probe x2  
  46  5:03  Gateway  
  46  5:04  Gateway  
  46  5:07  Oracle  
  51  5:16  Probe x2  
  53  5:25  Gateway  
  53  5:27  Gateway  
  53  5:28  Probe  
  48  5:46  Probe x3  
  51  5:58  Probe  
  52  6:13  Probe x2  
  52  6:14  Probe  
  55  6:24  Stalker  
  55  6:25  Stalker x3, Probe  
  63  6:26  Probe  
  62  6:40  Pylon  
  62  6:41  Pylon  
  62  6:43  Pylon  
  62  6:45  Robotics Facility  
  62  6:47  Twilight Council  
  62  6:53  Adept  
  62  6:54  Adept x2  
  68  6:57  Pylon  
  68  6:59  Shield Battery  
  68  7:02  Shield Battery  
  68  7:07  Probe x3  
  71  7:13  Gateway x2  
  71  7:16  Gateway  
  71  7:18  Gateway  
  71  7:19  Probe  
  72  7:23  Charge  
  72  7:24  Probe x2  
  72  7:25  Assimilator  
  74  7:30  Zealot  
  74  7:31  Zealot, Probe  
  74  7:32  Zealot x2  
  74  7:36  Probe  
  84  7:42  Immortal  
  88  7:49  Templar Archives  
  88  7:52  Gateway  
  88  7:53  Gateway  
  85  8:09  Robotics Bay  
  85  8:12  Phoenix  
  85  8:13  Forge  
  85  8:19  Psionic Storm  
  85  8:21  Forge  
  85  8:25  Immortal  
  91  8:31  Probe x3  
  91  8:33  Zealot  
  91  8:34  Zealot x2  
  100  8:39  Assimilator x2  
  100  8:47  Pylon  
  100  8:49  Protoss Ground Weapons Level 1  
  100  8:51  Protoss Ground Armor Level 1  
  100  8:52  Pylon  
  100  8:55  Pylon  
  100  8:56  Blink  
  100  9:05  Phoenix  
  102  9:11  Immortal  
  102  9:13  Probe x3  
  109  9:22  Phoenix  
  109  9:25  Probe  
  109  9:26  Probe  
  109  9:27  Probe  
  114  9:46  Zealot x4  
  114  9:47  Zealot  
  115  10:07  Probe  
  115  10:08  Probe x2  
  115  10:15  Probe  
  115  10:16  Probe x2  
  118  10:25  Probe  
  119  10:34  Stalker x3  
  125  10:44  Protoss Ground Weapons Level 2  
  125  10:45  Protoss Ground Armor Level 2  
  125  10:48  Pylon  
  125  10:50  Pylon  
  125  10:53  Pylon  
  125  10:55  Pylon  
  125  10:58  Pylon  
  125  11:00  Pylon  
  125  11:05  Pylon  
  125  11:06  Phoenix, Probe x3  
  125  11:10  Gateway  
  130  11:12  Gateway  
  130  11:15  Gateway  
  130  11:16  Gateway  
  124  11:27  Gateway  
  124  11:29  Gateway  
  124  11:30  Phoenix, Gateway  
  126  11:32  Stalker  
  126  11:33  Stalker x7  
  142  11:46  Colossus  
  148  11:59  Robotics Facility  
  128  12:23  Void Ray  
  128  12:28  Stalker x7  
  128  12:29  Stalker x5  
  124  12:55  Stalker  
  124  12:56  Stalker x5  
  124  12:57  Stalker x3  
  124  12:58  Stalker  
  140  13:02  Void Ray  
  109  13:25  Observer, Probe x3  
  110  13:37  Probe x3  
  110  13:39  Void Ray  
  113  13:44  Observer  
  116  13:52  Stalker x5  
  116  13:53  Stalker x3  
Tags
 
Add a new tag
Caveats
  • Supply blocks, unpowered buildings, or Contaminate may cause inaccurate times.
  • Supply counts are checked every 10 seconds.